[Event "Open Nuevo Centro. Jornada 2"]
[Site "Chess.com"]
[Date "2020.06.26"]
[Round "9"]
[White "Kovacevic, Slobodan"]
[Black "Borissov, Julián"]
[Result "1-0"]
[WhiteElo "2104"]
[BlackElo "1863"]
[TimeControl "180+2"]
[EndTime "12:11:57 PDT"]
[Termination "Victoria de nikko110 por tiempo"]

1. d4 Nf6 2. Bf4 e6 3. Nf3 d5 4. e3 Be7 5. Nbd2 O-O 6. h3 c5 7. c3 Nc6 8. Bd3 a6 9. a4 Nd7 10. O-O f5 11. Bh2 c4 12. Bc2 Nf6 13. Qe2 Bd7 14. Kh1 h6 15. Rg1 Be8 16. g4 fxg4 17. hxg4 Bd6 18. Ne5 Bxe5 19. dxe5 Nh7 20. f4 Qh4 21.
Rg3 g5 22. Qf3 Nxe5 23. Qg2 gxf4 24. Rh3 Qxg4 25. Bxf4 Qxg2+ 26. Kxg2 Ng6 27. Bxh6 Rf6 28. Rg1 Ngf8 29. Kh1+ Bg6 30. Bf4 Kf7 31. Bxg6+ Rxg6 32. Rf1 Nf6 33. Nf3 N8d7 34. Bd6 Rag8 35. Bf4 R8g7 36. Be5 Ke7 37. Bd4 Rh7 38. Rxh7+ Nxh7 39. Rf2 Kd6 40. a5 e5 41. Ba7 Rf6 42. Kg1 e4 43. Nd4 Rg6+ 44. Kf1 Ne5 45. Ke2 Nd3 46. Rf7 Rg2+ 47. Kf1 Rxb2 48. Rxh7 Re2 49. Kxe2 1